[ AOE2 MATCH · #458371031 ]
UnrankedIncas vs Muisca
[ REPLAY ANALYSIS · EXTRACTED FROM THE RECORDED GAME ]
Feudal
10:24
Castle
14:34
Imperial
30:11
| APM avg | 23.7 |
| APM peak | 64 |
| eAPM avg | 13.6 |
| Villagers / military | 113 / 537 |
Focus
⚔️ 33.9% · 🌾 66.1%
Kamayuk ×381 · Petard ×95 · Skirmisher ×52 · Trade Cart ×10 · Trebuchet (Packed) ×9
Feudal
10:17
Castle
16:03
Imperial
30:54
| APM avg | 31.2 |
| APM peak | 124 |
| eAPM avg | 21.0 |
| Villagers / military | 175 / 134 |
Focus
⚔️ 59.1% · 🌾 40.9%
Unknown (2550) ×327 · Unknown (2586) ×173 · Spearman ×122 · Trebuchet (Packed) ×9 · Unknown (882) ×5 · Mangonel ×2
Feudal
10:22
Castle
16:18
Imperial
38:14
| APM avg | 26.1 |
| APM peak | 86 |
| eAPM avg | 16.5 |
| Villagers / military | 164 / 371 |
Focus
⚔️ 27.3% · 🌾 72.7%
Skirmisher ×247 · Spearman ×70 · Militia ×25 · Longbowman ×20 · Trade Cart ×9 · Archer ×5
Feudal
11:31
Castle
15:12
Imperial
30:36
| APM avg | 19.7 |
| APM peak | 49 |
| eAPM avg | 11.1 |
| Villagers / military | 118 / 498 |
Focus
⚔️ 35.4% · 🌾 64.6%
Hand Cannoneer ×223 · Scout Cavalry ×165 · Genoese Crossbowman ×71 · Skirmisher ×30 · Trade Cart ×25 · Bombard Cannon ×5
Feudal
10:55
Castle
15:54
Imperial
32:24
| APM avg | 40.2 |
| APM peak | 74 |
| eAPM avg | 31.0 |
| Villagers / military | 166 / 733 |
Focus
⚔️ 41.2% · 🌾 58.8%
Teutonic Knight ×271 · Scout Cavalry ×244 · Spearman ×115 · Knight ×82 · Trade Cart ×37 · Trebuchet (Packed) ×19
Feudal
10:37
Castle
14:58
Imperial
30:38
| APM avg | 26.5 |
| APM peak | 70 |
| eAPM avg | 17.2 |
| Villagers / military | 223 / 748 |
Focus
⚔️ 36.1% · 🌾 63.9%
Archer ×480 · War Elephant ×146 · Scout Cavalry ×106 · Bombard Cannon ×7 · Hand Cannoneer ×5 · Mangonel ×2
Match map
Initial resources + every placement click. Lines = walls · curves = elevation contours. ◆ gold · ⬟ stone · ● berries · ✦ relic · ◌ wall gap
Your base· ✓ Closed at 14:34 · 0t walls · 3 gate(s)
uzbeg297's base· ✓ Closed at 16:03 · 0t walls · 2 gate(s)
LANGNASE's base· ✓ Closed at 16:18 · 0t walls · 2 gate(s)
Wurzelsepp's base· ✓ Closed at 15:12 · 0t walls · 3 gate(s)
Donyyy's base· ✓ Closed at 15:54 · 0t walls · 2 gate(s)
Sadajaru's base· ✓ Closed at 14:58 · 0t walls · 2 gate(s)
Smoothed initial terrain · ◌ = detected wall gap · hover for details
Inputs per minute
— Toml3eK - - uzbeg297
Build order — Toml3eK
First 150 of 380 actions detected
| 0:02 | Build | House |
| 0:03 | Create | Villager (Male) |
| 0:03 | Create | Villager (Male) |
| 0:04 | Build | House |
| 0:06 | Create | Villager (Male) |
| 0:06 | Create | Villager (Male) |
| 1:25 | Create | Villager (Male) |
| 2:01 | Create | Villager (Male) |
| 2:14 | Create | Villager (Male) |
| 3:13 | Create | Villager (Male) |
| 3:26 | Create | Villager (Male) |
| 3:41 | Create | Villager (Male) |
| 3:46 | Build | Settlement |
| 4:39 | Create | Villager (Male) |
| 4:40 | Create | Villager (Male) |
| 4:50 | Create | Villager (Male) |
| 5:06 | Create | Villager (Male) |
| 5:37 | Build | Settlement |
| 6:12 | Create | Villager (Male) |
| 6:38 | Create | Villager (Male) |
| 6:40 | Create | Villager (Male) |
| 7:14 | Build | Settlement |
| 7:45 | Create | Villager (Male) |
| 8:11 | Create | Villager (Male) |
| 8:14 | Research | Feudal Age |
| 8:56 | Create | Villager (Male) |
| 8:57 | Create | Villager (Male) |
| 10:24 | Age | Feudal Age |
| 10:28 | Build | Market |
| 10:59 | Build | Blacksmith |
| 11:16 | Create | Villager (Male) |
| 11:54 | Research | Castle Age |
| 12:34 | Research | Double-Bit Axe |
| 13:29 | Research | Horse Collar |
| 14:34 | Age | Castle Age |
| 14:37 | Build | Town Center |
| 14:44 | Build | Town Center |
| 14:48 | Create | Villager (Male) |
| 14:49 | Create | Villager (Male) |
| 14:51 | Create | Villager (Male) |
| 15:13 | Build | Farm |
| 15:25 | Create | Villager (Male) |
| 16:07 | Build | Farm |
| 16:18 | Create | Villager (Male) |
| 16:19 | Create | Villager (Male) |
| 16:28 | Create | Villager (Male) |
| 16:31 | Build | Farm |
| 16:31 | Build | Farm |
| 16:32 | Build | Farm |
| 16:33 | Build | Farm |
| 16:35 | Create | Villager (Male) ×4 |
| 16:45 | Build | Farm |
| 17:02 | Build | Farm |
| 17:03 | Create | Villager (Male) |
| 17:12 | Create | Villager (Male) |
| 17:12 | Create | Villager (Male) |
| 17:45 | Build | Farm |
| 17:46 | Create | Villager (Male) |
| 17:50 | Build | Farm |
| 17:50 | Build | Farm |
| 17:51 | Create | Villager (Male) |
| 17:54 | Build | Farm |
| 17:56 | Build | Farm |
| 18:02 | Create | Villager (Male) |
| 18:02 | Create | Villager (Male) |
| 18:12 | Build | Farm |
| 18:14 | Build | Farm |
| 18:15 | Create | Villager (Male) |
| 18:17 | Build | Farm |
| 18:31 | Create | Villager (Male) |
| 18:42 | Build | Farm |
| 18:43 | Create | Villager (Male) |
| 18:52 | Create | Villager (Male) |
| 19:05 | Build | Settlement |
| 19:07 | Create | Villager (Male) |
| 19:24 | Create | Villager (Male) ×2 |
| 19:31 | Create | Villager (Male) |
| 19:43 | Research | Bow Saw |
| 19:45 | Create | Villager (Male) |
| 19:55 | Build | Farm |
| 19:56 | Build | Farm |
| 19:57 | Create | Villager (Male) |
| 20:05 | Build | Farm |
| 20:05 | Build | Farm |
| 20:07 | Create | Villager (Male) |
| 20:13 | Build | House |
| 20:14 | Build | House |
| 20:15 | Build | House |
| 20:16 | Build | House |
| 20:19 | Create | Villager (Male) |
| 20:29 | Create | Villager (Male) |
| 20:33 | Create | Villager (Male) |
| 20:41 | Create | Villager (Male) |
| 20:54 | Build | Town Center |
| 21:03 | Create | Villager (Male) ×3 |
| 21:09 | Create | Villager (Male) ×2 |
| 21:10 | Create | Villager (Male) |
| 21:26 | Research | Heavy Plow |
| 21:32 | Create | Villager (Male) |
| 21:42 | Create | Villager (Male) |
| 21:49 | Create | Villager (Male) |
| 21:52 | Build | Farm |
| 21:54 | Build | Farm |
| 21:56 | Create | Villager (Male) |
| 21:59 | Build | Farm |
| 22:00 | Build | Farm |
| 22:01 | Build | Farm |
| 22:02 | Create | Villager (Male) |
| 22:08 | Build | Farm |
| 22:08 | Build | Farm |
| 22:09 | Build | Farm |
| 22:10 | Build | Farm |
| 22:11 | Build | Farm |
| 22:19 | Build | Farm |
| 22:21 | Create | Villager (Male) ×2 |
| 22:23 | Create | Villager (Male) |
| 22:30 | Create | Villager (Male) |
| 22:46 | Research | Stone Mining |
| 22:51 | Create | Villager (Male) |
| 22:53 | Create | Villager (Male) |
| 22:57 | Create | Villager (Male) |
| 23:02 | Create | Villager (Male) |
| 23:10 | Create | Villager (Male) |
| 23:23 | Research | Loom |
| 23:28 | Build | Barracks |
| 23:29 | Create | Villager (Male) ×5 |
| 23:36 | Create | Villager (Male) |
| 23:42 | Build | Farm |
| 23:42 | Build | Farm |
| 23:43 | Build | Farm |
| 23:43 | Build | Farm |
| 23:44 | Build | Farm |
| 23:44 | Build | Farm |
| 23:45 | Build | Farm |
| 23:45 | Build | Farm |
| 23:46 | Build | Farm |
| 23:48 | Create | Villager (Male) ×2 |
| 23:51 | Create | Villager (Male) |
| 23:57 | Create | Villager (Male) |
| 23:58 | Create | Villager (Male) |
| 24:01 | Create | Villager (Male) |
| 24:15 | Research | Gold Mining |
| 24:20 | Create | Villager (Male) |
| 24:25 | Create | Villager (Male) |
| 24:25 | Create | Villager (Male) |
| 24:29 | Create | Villager (Male) |
| 24:36 | Create | Villager (Male) |
| 24:38 | Create | Villager (Male) |
| 24:45 | Build | House |
| 24:46 | Build | House |
Build order — uzbeg297
First 150 of 1000 actions detected
| 0:01 | Create | Villager (Male) |
| 0:01 | Create | Villager (Male) |
| 0:01 | Create | Villager (Male) |
| 0:02 | Create | Villager (Male) |
| 0:02 | Create | Villager (Male) |
| 0:05 | Build | House |
| 0:11 | Build | House |
| 1:27 | Research | Loom |
| 1:32 | Create | Villager (Male) |
| 1:33 | Create | Villager (Male) |
| 1:52 | Build | Settlement |
| 2:06 | Create | Villager (Male) |
| 2:06 | Create | Villager (Male) |
| 2:08 | Create | Villager (Male) |
| 2:08 | Create | Villager (Male) |
| 3:02 | Create | Villager (Male) |
| 3:03 | Create | Villager (Male) |
| 3:22 | Create | Villager (Male) |
| 3:22 | Create | Villager (Male) |
| 3:57 | Create | Villager (Male) |
| 3:58 | Create | Villager (Male) |
| 3:58 | Create | Villager (Male) |
| 4:20 | Create | Villager (Male) |
| 4:20 | Create | Villager (Male) |
| 4:46 | Build | Settlement |
| 5:06 | Create | Villager (Male) |
| 5:07 | Create | Villager (Male) |
| 5:07 | Create | Villager (Male) |
| 5:25 | Create | Villager (Male) |
| 5:26 | Create | Villager (Male) |
| 5:53 | Create | Villager (Male) |
| 6:20 | Create | Villager (Male) |
| 6:49 | Create | Villager (Male) |
| 7:32 | Create | Villager (Male) |
| 8:08 | Research | Feudal Age |
| 8:08 | Research | Feudal Age |
| 8:24 | Build | Barracks |
| 8:27 | Build | House |
| 8:29 | Build | House |
| 9:06 | Create | Villager (Male) |
| 9:07 | Create | Villager (Male) |
| 9:07 | Create | Villager (Male) |
| 9:43 | Build | Settlement |
| 9:58 | Build | Settlement |
| 10:17 | Age | Feudal Age |
| 10:20 | Build | Blacksmith |
| 11:08 | Create | Villager (Male) |
| 11:19 | Build | Market |
| 11:23 | Create | Villager (Male) |
| 11:41 | Build | Market |
| 11:44 | Create | Villager (Male) |
| 11:52 | Build | Farm |
| 11:52 | Build | Farm |
| 12:17 | Create | Villager (Male) |
| 12:48 | Create | Villager (Male) |
| 13:23 | Research | Castle Age |
| 13:45 | Research | Double-Bit Axe |
| 13:45 | Research | Double-Bit Axe |
| 14:07 | Create | Villager (Male) |
| 14:07 | Create | Villager (Male) |
| 14:36 | Build | Settlement |
| 14:47 | Build | Farm |
| 14:47 | Build | Farm |
| 14:47 | Build | Farm |
| 14:48 | Build | Farm |
| 14:49 | Build | Farm |
| 15:14 | Build | Farm |
| 15:21 | Create | Villager (Male) |
| 15:24 | Research | Gold Mining |
| 15:55 | Research | Horse Collar |
| 16:03 | Age | Castle Age |
| 16:19 | Create | Villager (Male) |
| 16:23 | Create | Unit 2586 |
| 16:23 | Create | Unit 2586 |
| 16:26 | Create | Unit 2550 |
| 16:31 | Create | Unit 2586 |
| 16:45 | Build | Monastery |
| 17:18 | Build | Outpost |
| 17:18 | Create | Villager (Male) |
| 17:19 | Create | Villager (Male) |
| 17:29 | Create | Unit 2586 |
| 17:35 | Build | Farm |
| 17:37 | Create | Monk |
| 17:49 | Create | Villager (Male) |
| 17:50 | Create | Villager (Male) |
| 17:58 | Create | Villager (Male) |
| 17:58 | Create | Villager (Male) |
| 18:05 | Build | Farm |
| 18:05 | Build | Farm |
| 18:22 | Build | Town Center |
| 18:27 | Create | Villager (Male) |
| 18:36 | Create | Unit 2586 |
| 18:37 | Create | Villager (Male) |
| 18:38 | Create | Villager (Male) |
| 18:46 | Build | Farm |
| 19:07 | Create | Villager (Male) |
| 19:19 | Build | Outpost |
| 19:20 | Create | Villager (Male) |
| 19:20 | Create | Villager (Male) |
| 19:33 | Build | Town Center |
| 19:43 | Build | Farm |
| 19:43 | Build | Farm |
| 19:58 | Create | Villager (Male) |
| 19:58 | Create | Villager (Male) |
| 20:07 | Build | Farm |
| 20:15 | Create | Villager (Male) |
| 20:16 | Create | Villager (Male) |
| 20:21 | Create | Villager (Male) |
| 20:22 | Create | Villager (Male) |
| 20:27 | Build | Farm |
| 20:27 | Build | Farm |
| 20:37 | Create | Villager (Male) |
| 20:52 | Build | Outpost |
| 20:54 | Create | Villager (Male) |
| 20:54 | Create | Villager (Male) |
| 20:54 | Create | Villager (Male) |
| 21:10 | Create | Villager (Male) |
| 21:22 | Create | Villager (Male) |
| 21:29 | Build | Farm |
| 21:30 | Build | Farm |
| 21:30 | Build | Farm |
| 21:30 | Build | Farm |
| 21:34 | Create | Villager (Male) |
| 21:34 | Create | Villager (Male) |
| 21:45 | Create | Villager (Male) |
| 21:46 | Create | Villager (Male) |
| 21:52 | Create | Villager (Male) |
| 21:53 | Create | Villager (Male) |
| 21:56 | Build | Farm |
| 22:03 | Create | Villager (Male) |
| 22:05 | Create | Villager (Male) |
| 22:10 | Build | House |
| 22:11 | Build | House |
| 22:13 | Build | House |
| 22:16 | Build | House |
| 22:20 | Create | Villager (Male) |
| 22:31 | Research | Wheelbarrow |
| 22:36 | Build | Farm |
| 22:36 | Build | Farm |
| 22:36 | Build | Farm |
| 22:39 | Create | Villager (Male) |
| 22:39 | Create | Villager (Male) |
| 23:13 | Create | Villager (Male) |
| 23:13 | Create | Villager (Male) |
| 23:14 | Create | Villager (Male) |
| 23:19 | Create | Villager (Male) |
| 23:19 | Create | Villager (Male) |
| 23:25 | Create | Villager (Male) |
| 23:25 | Create | Villager (Male) |
| 23:36 | Build | Farm |
Build order — LANGNASE
First 150 of 522 actions detected
| 0:02 | Build | House |
| 0:03 | Build | House |
| 0:03 | Create | Villager (Male) |
| 0:04 | Create | Villager (Male) |
| 0:04 | Create | Villager (Male) |
| 0:04 | Create | Villager (Male) |
| 2:11 | Create | Villager (Male) |
| 2:11 | Create | Villager (Male) |
| 2:11 | Create | Villager (Male) |
| 2:29 | Create | Villager (Male) |
| 2:56 | Create | Villager (Male) |
| 3:06 | Build | Lumber Camp |
| 3:22 | Create | Villager (Male) |
| 3:23 | Create | Villager (Male) |
| 4:09 | Build | House |
| 4:10 | Build | House |
| 5:12 | Create | Villager (Male) |
| 5:12 | Create | Villager (Male) |
| 5:26 | Create | Villager (Male) |
| 5:48 | Build | Mill |
| 6:28 | Create | Villager (Male) |
| 6:40 | Build | Mining Camp |
| 6:56 | Create | Villager (Male) |
| 6:57 | Create | Villager (Male) |
| 8:00 | Create | Villager (Male) |
| 8:01 | Create | Villager (Male) |
| 8:12 | Research | Feudal Age |
| 8:27 | Build | Mill |
| 9:54 | Create | Villager (Male) |
| 9:54 | Create | Villager (Male) |
| 10:15 | Build | House |
| 10:16 | Build | House |
| 10:17 | Build | House |
| 10:22 | Age | Feudal Age |
| 10:38 | Build | Blacksmith |
| 10:54 | Build | Market |
| 11:34 | Create | Villager (Male) |
| 11:35 | Create | Villager (Male) |
| 12:14 | Build | House |
| 13:07 | Build | Barracks |
| 13:38 | Research | Castle Age |
| 14:47 | Research | Fletching |
| 14:58 | Build | Archery Range |
| 16:10 | Create | Villager (Male) |
| 16:11 | Create | Villager (Male) |
| 16:16 | Build | Farm |
| 16:18 | Age | Castle Age |
| 16:31 | Create | Archer |
| 16:31 | Create | Archer |
| 16:32 | Create | Archer |
| 16:49 | Build | Farm |
| 16:55 | Build | Farm |
| 16:56 | Build | Farm |
| 16:57 | Build | Farm |
| 17:13 | Build | Farm |
| 17:18 | Create | Villager (Male) |
| 17:18 | Create | Villager (Male) |
| 17:18 | Create | Villager (Male) |
| 17:27 | Research | Crossbowman (upgrade) |
| 17:31 | Build | Farm |
| 17:39 | Build | Farm |
| 17:45 | Create | Villager (Male) |
| 18:03 | Build | Farm |
| 18:14 | Create | Villager (Male) |
| 18:14 | Create | Villager (Male) |
| 18:41 | Create | Archer |
| 18:42 | Create | Archer |
| 18:50 | Create | Villager (Male) |
| 18:50 | Create | Villager (Male) |
| 19:22 | Create | Villager (Male) |
| 19:23 | Create | Villager (Male) |
| 19:34 | Build | Town Center |
| 19:40 | Research | Double-Bit Axe |
| 20:00 | Build | House |
| 20:01 | Build | House |
| 20:03 | Build | House |
| 20:04 | Build | House |
| 20:05 | Build | House |
| 20:06 | Build | House |
| 20:07 | Build | House |
| 20:22 | Create | Villager (Male) |
| 20:22 | Create | Villager (Male) |
| 21:15 | Research | Horse Collar |
| 21:31 | Build | Town Center |
| 21:40 | Create | Villager (Male) |
| 21:41 | Create | Villager (Male) |
| 22:04 | Create | Villager (Male) |
| 22:05 | Create | Villager (Male) |
| 22:15 | Build | Farm |
| 22:15 | Build | Farm |
| 22:16 | Build | Farm |
| 22:16 | Build | Farm |
| 22:17 | Build | Farm |
| 22:24 | Create | Villager (Male) |
| 23:05 | Create | Villager (Male) |
| 23:05 | Create | Villager (Male) |
| 23:21 | Build | Farm |
| 23:22 | Build | Farm |
| 23:22 | Build | Farm |
| 23:24 | Build | Farm |
| 23:24 | Build | Farm |
| 23:25 | Build | Farm |
| 23:38 | Build | Lumber Camp |
| 23:44 | Create | Villager (Male) |
| 23:44 | Create | Villager (Male) |
| 24:02 | Build | Farm |
| 24:05 | Build | Farm |
| 24:14 | Create | Villager (Male) |
| 24:14 | Create | Villager (Male) |
| 24:15 | Create | Villager (Male) |
| 24:15 | Create | Villager (Male) |
| 24:37 | Create | Villager (Male) |
| 24:38 | Create | Villager (Male) |
| 24:38 | Create | Villager (Male) |
| 24:49 | Build | Farm |
| 24:59 | Research | Heavy Plow |
| 25:04 | Create | Villager (Male) |
| 25:04 | Create | Villager (Male) |
| 25:14 | Build | House |
| 25:15 | Build | House |
| 25:16 | Build | House |
| 25:20 | Create | Villager (Male) |
| 25:35 | Build | University |
| 25:41 | Build | Farm |
| 25:50 | Create | Villager (Male) |
| 25:50 | Create | Villager (Male) |
| 25:50 | Create | Villager (Male) |
| 25:50 | Create | Villager (Male) |
| 25:51 | Create | Villager (Male) |
| 26:08 | Research | Bow Saw |
| 26:26 | Build | Monastery |
| 26:30 | Build | Farm |
| 26:35 | Create | Villager (Male) |
| 26:36 | Create | Villager (Male) |
| 26:36 | Create | Villager (Male) |
| 26:36 | Create | Villager (Male) |
| 26:36 | Create | Villager (Male) |
| 26:51 | Build | Castle |
| 26:57 | Build | Farm |
| 27:05 | Create | Villager (Male) |
| 27:06 | Create | Villager (Male) |
| 27:06 | Create | Villager (Male) |
| 27:07 | Create | Villager (Male) |
| 27:07 | Create | Villager (Male) |
| 27:22 | Build | House |
| 27:23 | Build | House |
| 27:24 | Build | House |
| 27:25 | Build | House |
| 27:26 | Build | House |
| 27:27 | Build | House |
Build order — Wurzelsepp
First 150 of 420 actions detected
| 0:01 | Create | Villager (Male) |
| 0:01 | Create | Villager (Male) |
| 0:02 | Create | Villager (Male) |
| 0:02 | Create | Villager (Male) |
| 0:03 | Build | House |
| 0:05 | Build | House |
| 1:31 | Create | Villager (Male) |
| 1:49 | Build | Lumber Camp |
| 2:15 | Create | Villager (Male) |
| 2:19 | Create | Villager (Male) |
| 2:52 | Create | Villager (Male) |
| 3:14 | Create | Villager (Male) |
| 3:47 | Create | Villager (Male) |
| 4:06 | Create | Villager (Male) |
| 4:11 | Build | House |
| 4:34 | Build | Mill |
| 4:44 | Research | Loom |
| 4:54 | Create | Villager (Male) |
| 4:55 | Create | Villager (Male) |
| 5:35 | Build | House |
| 5:47 | Create | Villager (Male) |
| 5:47 | Create | Villager (Male) |
| 5:48 | Create | Villager (Male) |
| 6:07 | Create | Villager (Male) |
| 6:42 | Build | Lumber Camp |
| 7:08 | Create | Villager (Male) |
| 7:42 | Create | Villager (Male) |
| 8:08 | Build | House |
| 8:21 | Build | Mining Camp |
| 8:25 | Create | Villager (Male) |
| 8:43 | Create | Villager (Male) |
| 9:21 | Research | Feudal Age |
| 10:01 | Create | Villager (Male) |
| 10:06 | Create | Villager (Male) |
| 10:12 | Build | Mill |
| 11:31 | Age | Feudal Age |
| 11:37 | Build | Market |
| 11:41 | Build | Blacksmith |
| 12:26 | Build | Mining Camp |
| 12:28 | Create | Villager (Male) |
| 12:32 | Research | Castle Age |
| 12:59 | Research | Horse Collar |
| 13:17 | Research | Double-Bit Axe |
| 13:21 | Build | Farm |
| 13:28 | Build | Farm |
| 13:33 | Build | Farm |
| 13:38 | Build | Farm |
| 13:46 | Build | House |
| 13:56 | Build | Farm |
| 13:57 | Build | Farm |
| 14:36 | Research | Fletching |
| 15:02 | Research | Padded Archer Armor |
| 15:12 | Age | Castle Age |
| 15:28 | Build | Town Center |
| 15:32 | Create | Villager (Male) |
| 15:32 | Create | Villager (Male) |
| 15:35 | Research | Loom |
| 15:47 | Research | Bow Saw |
| 16:26 | Create | Villager (Male) |
| 16:47 | Create | Villager (Male) |
| 17:12 | Build | Town Center |
| 17:15 | Create | Villager (Male) |
| 17:19 | Create | Villager (Male) |
| 17:29 | Build | Farm |
| 17:32 | Create | Villager (Male) |
| 17:46 | Create | Villager (Male) |
| 17:46 | Create | Villager (Male) |
| 17:55 | Create | Villager (Male) |
| 18:05 | Create | Villager (Male) |
| 18:10 | Create | Villager (Male) |
| 18:36 | Build | Farm |
| 18:41 | Build | Farm |
| 18:45 | Build | Farm |
| 18:47 | Build | Farm |
| 18:50 | Build | Farm |
| 18:55 | Build | Farm |
| 18:56 | Build | Farm |
| 18:57 | Create | Villager (Male) |
| 18:58 | Create | Villager (Male) |
| 19:06 | Build | Farm |
| 19:06 | Build | Farm |
| 19:07 | Build | Farm |
| 19:12 | Create | Villager (Male) |
| 19:26 | Build | Farm |
| 19:28 | Build | Farm |
| 19:28 | Build | Farm |
| 19:31 | Create | Villager (Male) |
| 19:40 | Build | Farm |
| 19:42 | Create | Villager (Male) |
| 19:54 | Build | Farm |
| 19:55 | Build | Farm |
| 19:56 | Create | Villager (Male) |
| 20:01 | Create | Villager (Male) |
| 20:06 | Build | Farm |
| 20:08 | Create | Villager (Male) |
| 20:14 | Build | House |
| 20:26 | Build | House |
| 20:27 | Build | House |
| 20:28 | Build | House |
| 20:30 | Create | Villager (Male) |
| 20:42 | Create | Villager (Male) |
| 20:48 | Create | Villager (Male) |
| 20:55 | Build | Farm |
| 20:57 | Create | Villager (Male) |
| 21:01 | Research | Heavy Plow |
| 21:03 | Create | Villager (Male) |
| 21:11 | Build | House |
| 21:18 | Create | Villager (Male) |
| 21:35 | Create | Villager (Male) |
| 21:39 | Build | Farm |
| 21:41 | Build | Farm |
| 21:43 | Create | Villager (Male) |
| 21:57 | Create | Villager (Male) |
| 22:01 | Research | Wheelbarrow |
| 22:06 | Create | Villager (Male) |
| 22:08 | Create | Villager (Male) |
| 22:17 | Create | Villager (Male) |
| 22:27 | Build | Farm |
| 22:28 | Build | Farm |
| 22:31 | Build | Farm |
| 22:33 | Create | Villager (Male) |
| 22:33 | Create | Villager (Male) |
| 22:39 | Build | Mill |
| 22:40 | Create | Villager (Male) |
| 22:41 | Create | Villager (Male) |
| 22:46 | Create | Villager (Male) |
| 22:54 | Build | House |
| 22:54 | Build | House |
| 23:03 | Build | House |
| 23:04 | Create | Villager (Male) |
| 23:12 | Create | Villager (Male) |
| 23:13 | Research | Town Watch |
| 23:16 | Build | Farm |
| 23:18 | Create | Villager (Male) |
| 23:26 | Build | Farm |
| 23:27 | Create | Villager (Male) |
| 23:44 | Build | Castle |
| 23:48 | Create | Villager (Male) |
| 23:53 | Build | Barracks |
| 23:55 | Create | Villager (Male) |
| 23:56 | Create | Villager (Male) |
| 24:01 | Research | Leather Archer Armor |
| 24:02 | Create | Villager (Male) |
| 24:06 | Build | Farm |
| 24:07 | Create | Villager (Male) |
| 24:13 | Create | Villager (Male) |
| 24:16 | Build | Farm |
| 24:17 | Build | Farm |
| 24:19 | Create | Villager (Male) |
| 24:27 | Create | Villager (Male) |
Build order — Donyyy
First 150 of 842 actions detected
| 0:02 | Build | House |
| 0:03 | Build | House |
| 0:04 | Create | Villager (Male) |
| 0:04 | Create | Villager (Male) |
| 0:04 | Create | Villager (Male) |
| 0:05 | Create | Villager (Male) |
| 1:39 | Create | Villager (Male) |
| 2:05 | Create | Villager (Male) |
| 2:34 | Create | Villager (Male) |
| 2:45 | Build | House |
| 2:46 | Build | House |
| 2:50 | Create | Villager (Male) |
| 3:08 | Create | Villager (Male) |
| 3:45 | Create | Villager (Male) |
| 3:45 | Create | Villager (Male) |
| 4:34 | Create | Villager (Male) |
| 4:44 | Build | Mill |
| 5:25 | Create | Villager (Male) |
| 5:26 | Create | Villager (Male) |
| 5:44 | Create | Villager (Male) |
| 5:45 | Create | Villager (Male) |
| 6:13 | Create | Villager (Male) |
| 6:51 | Build | Lumber Camp |
| 7:23 | Create | Villager (Male) |
| 7:33 | Create | Villager (Male) |
| 8:03 | Create | Villager (Male) |
| 8:23 | Build | Mining Camp |
| 8:25 | Research | Feudal Age |
| 9:10 | Build | Lumber Camp |
| 9:13 | Create | Villager (Male) |
| 9:13 | Create | Villager (Male) |
| 9:35 | Build | Mill |
| 9:53 | Build | House |
| 10:55 | Age | Feudal Age |
| 11:01 | Build | Market |
| 11:03 | Build | Blacksmith |
| 11:33 | Create | Villager (Male) |
| 11:57 | Build | Lumber Camp |
| 12:14 | Create | Villager (Male) |
| 12:26 | Build | Farm |
| 12:43 | Create | Villager (Male) |
| 12:49 | Build | Farm |
| 13:14 | Research | Castle Age |
| 13:32 | Build | Farm |
| 13:35 | Build | Farm |
| 13:43 | Build | Farm |
| 14:03 | Build | House |
| 14:05 | Build | House |
| 14:10 | Build | House |
| 14:46 | Create | Villager (Male) |
| 14:47 | Create | Villager (Male) |
| 15:05 | Research | Double-Bit Axe |
| 15:20 | Build | Farm |
| 15:22 | Build | Farm |
| 15:23 | Build | Farm |
| 15:54 | Age | Castle Age |
| 15:58 | Build | Town Center |
| 16:07 | Build | Town Center |
| 16:15 | Create | Villager (Male) |
| 16:35 | Create | Villager (Male) |
| 16:35 | Create | Villager (Male) |
| 16:36 | Create | Villager (Male) |
| 16:50 | Create | Villager (Male) |
| 16:56 | Create | Villager (Male) |
| 16:59 | Create | Villager (Male) |
| 16:59 | Create | Villager (Male) |
| 17:00 | Create | Villager (Male) |
| 17:12 | Build | Farm |
| 17:13 | Build | Farm |
| 17:19 | Build | Farm |
| 17:20 | Create | Villager (Male) |
| 17:26 | Build | Farm |
| 17:28 | Build | Farm |
| 17:33 | Build | Farm |
| 17:37 | Build | Farm |
| 17:38 | Create | Villager (Male) |
| 17:52 | Build | House |
| 17:53 | Build | House |
| 17:54 | Build | House |
| 17:55 | Build | House |
| 17:56 | Create | Villager (Male) |
| 18:05 | Build | Mining Camp |
| 18:07 | Create | Villager (Male) |
| 18:15 | Build | Farm |
| 18:15 | Build | Farm |
| 18:16 | Build | Farm |
| 18:21 | Build | Farm |
| 18:22 | Build | Farm |
| 18:25 | Create | Villager (Male) |
| 18:28 | Create | Villager (Male) |
| 18:35 | Build | Farm |
| 18:35 | Build | Farm |
| 18:41 | Create | Villager (Male) |
| 19:06 | Research | Loom |
| 19:07 | Create | Villager (Male) |
| 19:07 | Create | Villager (Male) |
| 19:13 | Build | Farm |
| 19:13 | Build | Farm |
| 19:14 | Build | Farm |
| 19:15 | Create | Villager (Male) |
| 19:18 | Build | Farm |
| 19:19 | Create | Villager (Male) |
| 19:23 | Build | Farm |
| 19:23 | Build | Farm |
| 19:24 | Build | Farm |
| 19:26 | Create | Villager (Male) |
| 19:36 | Build | Mining Camp |
| 19:37 | Create | Villager (Male) |
| 19:43 | Create | Villager (Male) |
| 19:55 | Build | House |
| 19:55 | Build | House |
| 19:56 | Build | House |
| 19:58 | Create | Villager (Male) |
| 19:58 | Create | Villager (Male) |
| 19:59 | Create | Villager (Male) |
| 20:06 | Build | Mining Camp |
| 20:13 | Create | Villager (Male) |
| 20:17 | Create | Villager (Male) |
| 20:17 | Create | Villager (Male) |
| 20:28 | Create | Villager (Male) |
| 20:28 | Create | Villager (Male) |
| 20:43 | Build | Farm |
| 20:43 | Build | Farm |
| 20:44 | Build | Farm |
| 20:45 | Create | Villager (Male) |
| 20:49 | Research | Gold Mining |
| 20:57 | Build | House |
| 21:00 | Build | House |
| 21:01 | Create | Villager (Male) |
| 21:01 | Create | Villager (Male) |
| 21:23 | Create | Villager (Male) |
| 21:24 | Create | Villager (Male) |
| 21:24 | Create | Villager (Male) |
| 21:24 | Create | Villager (Male) |
| 21:25 | Create | Villager (Male) |
| 21:25 | Create | Villager (Male) |
| 21:29 | Build | Barracks |
| 21:31 | Create | Villager (Male) |
| 21:36 | Build | Farm |
| 21:37 | Create | Villager (Male) |
| 21:45 | Build | Farm |
| 21:48 | Create | Villager (Male) |
| 21:48 | Create | Villager (Male) |
| 21:59 | Create | Villager (Male) |
| 22:01 | Create | Villager (Male) |
| 22:06 | Create | Villager (Male) |
| 22:27 | Build | Stable |
| 22:31 | Build | Stable |
| 22:32 | Create | Villager (Male) |
| 22:32 | Create | Villager (Male) |
Build order — Sadajaru
First 150 of 625 actions detected
| 0:00 | Create | Villager (Male) |
| 0:01 | Create | Villager (Male) |
| 0:03 | Build | House |
| 0:06 | Build | House |
| 0:33 | Create | Villager (Male) |
| 0:33 | Create | Villager (Male) |
| 0:34 | Create | Villager (Male) |
| 0:34 | Create | Villager (Male) |
| 1:28 | Create | Villager (Male) |
| 1:29 | Create | Villager (Male) |
| 1:40 | Build | Lumber Camp |
| 2:00 | Create | Villager (Male) |
| 2:00 | Create | Villager (Male) |
| 2:25 | Create | Villager (Male) |
| 2:34 | Build | House |
| 3:17 | Create | Villager (Male) |
| 3:18 | Create | Villager (Male) |
| 3:18 | Create | Villager (Male) |
| 3:18 | Create | Villager (Male) |
| 4:20 | Create | Villager (Male) |
| 4:20 | Create | Villager (Male) |
| 4:24 | Build | Mill |
| 4:27 | Create | Villager (Male) |
| 4:27 | Create | Villager (Male) |
| 5:22 | Build | House |
| 5:36 | Create | Villager (Male) |
| 5:36 | Create | Villager (Male) |
| 5:36 | Create | Villager (Male) |
| 5:37 | Create | Villager (Male) |
| 5:37 | Create | Villager (Male) |
| 6:05 | Build | Farm |
| 6:06 | Create | Villager (Male) |
| 6:07 | Create | Villager (Male) |
| 6:07 | Create | Villager (Male) |
| 6:07 | Create | Villager (Male) |
| 6:34 | Build | Farm |
| 6:43 | Create | Villager (Male) |
| 7:45 | Build | Mill |
| 8:15 | Build | House |
| 8:34 | Research | Feudal Age |
| 8:50 | Create | Villager (Male) |
| 8:50 | Create | Villager (Male) |
| 9:24 | Build | Farm |
| 9:46 | Build | Mining Camp |
| 10:37 | Age | Feudal Age |
| 10:41 | Build | Market |
| 10:55 | Build | Blacksmith |
| 11:03 | Create | Villager (Male) |
| 11:05 | Build | Farm |
| 11:29 | Build | Farm |
| 11:41 | Build | House |
| 11:46 | Build | House |
| 11:51 | Build | Farm |
| 11:54 | Create | Villager (Male) |
| 12:33 | Research | Castle Age |
| 12:42 | Create | Villager (Male) |
| 12:50 | Build | House |
| 12:51 | Build | House |
| 13:06 | Create | Villager (Male) |
| 13:11 | Research | Loom |
| 13:45 | Create | Villager (Male) |
| 13:45 | Create | Villager (Male) |
| 14:01 | Research | Double-Bit Axe |
| 14:05 | Research | Horse Collar |
| 14:36 | Research | Wheelbarrow |
| 14:38 | Create | Villager (Male) |
| 14:38 | Create | Villager (Male) |
| 14:58 | Age | Castle Age |
| 15:08 | Build | Town Center |
| 15:32 | Create | Villager (Male) |
| 16:10 | Build | Siege Workshop |
| 16:14 | Create | Villager (Male) |
| 16:23 | Create | Villager (Male) |
| 16:23 | Create | Villager (Male) |
| 16:23 | Create | Villager (Male) |
| 16:28 | Build | Farm |
| 16:37 | Build | Farm |
| 17:09 | Build | Mining Camp |
| 17:22 | Create | Mangonel |
| 17:25 | Create | Villager (Male) |
| 17:25 | Create | Villager (Male) |
| 17:25 | Create | Villager (Male) |
| 17:25 | Create | Villager (Male) |
| 17:25 | Create | Villager (Male) |
| 17:26 | Create | Villager (Male) |
| 17:33 | Create | Villager (Male) |
| 17:34 | Create | Villager (Male) |
| 17:47 | Research | Bow Saw |
| 18:04 | Create | Villager (Male) |
| 18:05 | Create | Villager (Male) |
| 18:23 | Create | Villager (Male) |
| 18:23 | Create | Villager (Male) |
| 18:36 | Build | Farm |
| 18:48 | Build | Town Center |
| 18:52 | Create | Villager (Male) |
| 18:52 | Create | Villager (Male) |
| 18:52 | Create | Villager (Male) |
| 18:58 | Build | Farm |
| 18:58 | Build | Farm |
| 19:05 | Build | Farm |
| 19:20 | Create | Villager (Male) |
| 19:20 | Create | Villager (Male) |
| 19:32 | Build | Farm |
| 19:37 | Build | Farm |
| 19:38 | Create | Villager (Male) |
| 19:38 | Create | Villager (Male) |
| 19:39 | Create | Villager (Male) |
| 19:44 | Build | Farm |
| 19:44 | Build | Farm |
| 19:54 | Create | Villager (Male) |
| 19:58 | Build | Farm |
| 20:00 | Create | Villager (Male) |
| 20:00 | Create | Villager (Male) |
| 20:06 | Build | Farm |
| 20:18 | Create | Villager (Male) |
| 20:21 | Build | Farm |
| 20:22 | Build | Farm |
| 20:22 | Build | Farm |
| 20:22 | Build | Farm |
| 20:29 | Create | Villager (Male) |
| 20:36 | Build | House |
| 20:37 | Build | House |
| 20:40 | Create | Villager (Male) |
| 20:57 | Create | Villager (Male) |
| 20:57 | Create | Villager (Male) |
| 20:57 | Create | Villager (Male) |
| 20:57 | Create | Villager (Male) |
| 21:12 | Build | Mill |
| 21:14 | Build | Farm |
| 21:15 | Build | Farm |
| 21:15 | Build | Farm |
| 21:15 | Build | Farm |
| 21:16 | Build | Farm |
| 21:16 | Build | Farm |
| 21:18 | Create | Villager (Male) |
| 21:19 | Create | Villager (Male) |
| 21:19 | Create | Villager (Male) |
| 21:19 | Create | Villager (Male) |
| 21:38 | Build | Town Center |
| 21:46 | Create | Villager (Male) |
| 21:47 | Create | Villager (Male) |
| 21:47 | Create | Villager (Male) |
| 21:47 | Create | Villager (Male) |
| 21:47 | Create | Villager (Male) |
| 21:47 | Create | Villager (Male) |
| 21:50 | Create | Villager (Male) |
| 21:50 | Create | Villager (Male) |
| 22:04 | Build | Town Center |
| 22:08 | Create | Villager (Male) |
| 22:08 | Create | Villager (Male) |
Match timeline
| 8:24 | uzbeg297 · first_building Barracks |
| 10:17 | uzbeg297 · age_up feudal |
| 10:22 | LANGNASE · age_up feudal |
| 10:24 | Toml3eK · age_up feudal |
| 10:37 | Sadajaru · age_up feudal |
| 10:55 | Donyyy · age_up feudal |
| 11:31 | Wurzelsepp · age_up feudal |
| 12:29 | Sadajaru · first_market_sell 100 wood |
| 13:07 | LANGNASE · first_building Barracks |
| 13:19 | uzbeg297 · first_market_buy 100 food |
| 13:33 | Toml3eK · first_market_buy 100 food |
| 14:34 | Toml3eK · age_up castle |
| 14:58 | LANGNASE · first_building Archery Range |
| 14:58 | Sadajaru · age_up castle |
| 15:12 | Wurzelsepp · age_up castle |
| 15:34 | Donyyy · first_market_buy 100 food |
| 15:54 | Donyyy · age_up castle |
| 16:03 | uzbeg297 · age_up castle |
| 16:10 | Sadajaru · first_building Siege Workshop |
| 16:18 | LANGNASE · age_up castle |
| 16:45 | uzbeg297 · first_building Monastery |
| 21:29 | Donyyy · first_building Barracks |
| 22:27 | Donyyy · first_building Stable |
| 23:28 | Toml3eK · first_building Barracks |
| 23:44 | Wurzelsepp · first_building Castle |
| 23:53 | Wurzelsepp · first_building Barracks |
| 24:57 | Wurzelsepp · first_building Archery Range |
| 24:57 | LANGNASE · first_market_buy 100 food |
| 25:18 | Toml3eK · first_building Monastery |
| 25:51 | Toml3eK · first_building Castle |
| 25:52 | uzbeg297 · first_building Castle |
| 26:26 | LANGNASE · first_building Monastery |
| 26:36 | Sadajaru · first_building Monastery |
| 26:46 | Donyyy · first_building Castle |
| 26:51 | LANGNASE · first_building Castle |
| 27:50 | Toml3eK · first_building Archery Range |
| 28:33 | Sadajaru · first_building Barracks |
| 28:42 | Sadajaru · first_market_buy 100 stone |
| 29:02 | Donyyy · first_market_sell 100 wood |
| 29:04 | Sadajaru · first_building Castle |
| 30:01 | Donyyy · wall_segment Stone Wall x26 |
| 30:11 | Toml3eK · age_up imperial |
| 30:29 | Sadajaru · first_building Archery Range |
| 30:36 | Wurzelsepp · age_up imperial |
| 30:38 | Sadajaru · age_up imperial |
| 30:54 | uzbeg297 · age_up imperial |
| 31:15 | Donyyy · wall_segment Stone Wall x27 |
| 32:24 | Donyyy · age_up imperial |
| 34:40 | uzbeg297 · first_building Archery Range |
| 36:52 | LANGNASE · wall_segment Stone Wall x6 |
| 38:14 | LANGNASE · age_up imperial |
| 40:09 | LANGNASE · wall_segment Stone Wall x18 |
| 42:21 | LANGNASE · first_market_sell 100 wood |
| 42:50 | Wurzelsepp · first_building Siege Workshop |
| 47:17 | Toml3eK · tribute_sent a jugador 1 |
| 47:17 | Toml3eK · tribute_sent a jugador 2 |
| 47:17 | Toml3eK · tribute_sent a jugador 3 |
| 47:17 | Toml3eK · tribute_sent a jugador 4 |
| 47:17 | Toml3eK · tribute_sent a jugador 5 |
| 50:40 | LANGNASE · first_building Siege Workshop |
| 51:11 | Wurzelsepp · first_building Stable |
| 51:32 | Toml3eK · tribute_sent a jugador 1 |
| 51:32 | Toml3eK · tribute_sent a jugador 2 |
| 51:32 | Toml3eK · tribute_sent a jugador 3 |
| 51:32 | Toml3eK · tribute_sent a jugador 4 |
| 51:32 | Toml3eK · tribute_sent a jugador 5 |
| 53:04 | Sadajaru · first_building Stable |
| 55:55 | Sadajaru · wall_segment Stone Wall x10 |
| 59:45 | Toml3eK · tribute_sent a jugador 1 |
| 59:45 | Toml3eK · tribute_sent a jugador 2 |
| 59:45 | Toml3eK · tribute_sent a jugador 3 |
| 59:45 | Toml3eK · tribute_sent a jugador 4 |
| 59:45 | Toml3eK · tribute_sent a jugador 5 |
| 59:46 | Donyyy · tribute_sent a jugador 1 |
| 59:46 | Donyyy · tribute_sent a jugador 2 |
| 59:46 | Donyyy · tribute_sent a jugador 3 |
| 59:46 | Donyyy · tribute_sent a jugador 5 |
| 59:46 | Donyyy · tribute_sent a jugador 6 |
| 60:48 | uzbeg297 · first_building Siege Workshop |
| 61:34 | Toml3eK · tribute_sent a jugador 1 |
| 61:34 | Toml3eK · tribute_sent a jugador 2 |
| 61:34 | Toml3eK · tribute_sent a jugador 3 |
| 61:34 | Toml3eK · tribute_sent a jugador 4 |
| 61:34 | Toml3eK · tribute_sent a jugador 5 |
| 63:09 | Wurzelsepp · first_market_sell 100 wood |
| 66:11 | uzbeg297 · resign |
[ AI ANALYSIS · 1 CREDIT ]
What really happened in this match?
Wolo.gg analyzes every decision: build order, eco, micro, common mistakes by bracket. Personalized analysis on WhatsApp or Discord in 30 seconds.
Civ guide
Incas
Perfil
Jugador #19214378